 Dungeon Crawl Stone Soup version 0.17-a0-1769-g54adf96 (webtiles) character file.

2886 zeke the Ducker (level 9, -11/87 HPs)
             Began as a Troll Earth Elementalist on Sept 7, 2015.
             Was a Believer of Okawaru.
             Mangled by Joseph
             ... wielding a +4 quarterstaff of speed
              (15 damage)
             ... on level 8 of the Dungeon.
             The game lasted 00:27:32 (7046 turns).

zeke the Ducker (Troll Earth Elementalist)          Turns: 7046, Time: 00:27:32

Health: -11/87     AC:  6    Str: 21    XL:     9   Next: 48%
Magic:  12/12      EV: 15    Int: 11    God:    Okawaru [**....]
Gold:   330        SH:  0    Dex: 12    Spells: 1 memorised, 13 levels left

rFire  . . .     SeeInvis .       - Unarmed
rCold  . . .     Clarity  .     b - +0 robe
rNeg   + . .     SustAt   .     (no shield)
rPois  .         Gourm    +     (helmet restricted)
rElec  .         Spirit   .     H - +0 cloak {MR+}
rCorr  .         Warding  +     (gloves unavailable)
rMut   .         Stasis   .     (boots unavailable)
MR     +....                    A - amulet of warding
Stlth  ++........               u - ring of invisibility
                                h - +2 ring of dexterity

@: heroism, drained, somewhat resistant to hostile enchantments, unstealthy
A: unfitting armour, claws 3, fast metabolism 3, gourmand, regeneration 2,
shaggy fur 1, tough skin 2
a: Heroism, Renounce Religion, Evoke Invisibility


You were on level 8 of the Dungeon.
You worshipped Okawaru.
Okawaru was pleased with you.
You were very full.

You visited 2 branches of the dungeon, and saw 9 of its levels.
You also visited: Sewer and Ossuary.

You collected 330 gold pieces.

Inventory:

Missiles
 a - 169 stones (quivered)
Armour
 b - a +0 robe (worn)
 H - a +0 cloak of magic resistance (worn)
Jewellery
 h - a +2 ring of dexterity (left claw)
 k - an uncursed ring of teleportation
 u - a ring of invisibility (right claw)
 A - an amulet of warding (around neck)
 R - an uncursed ring of protection from cold
Magical devices
 s - a wand of magic darts (18)
 t - a wand of slowing (30)
 x - a wand of polymorph (6)
 J - a wand of polymorph (0)
 K - a wand of enslavement (15)
 L - a wand of paralysis (6)
 S - a wand of random effects (26)
 T - a wand of random effects (32)
Scrolls
 e - 2 scrolls of noise {unknown}
 f - 8 scrolls of identify {unknown}
 g - a scroll of amnesia
 i - 9 scrolls of remove curse
 m - 2 scrolls of recharging {unknown}
 p - 3 scrolls of enchant weapon {unknown}
 q - 5 scrolls of fog {unknown}
 w - 4 scrolls of teleportation
 y - a scroll of fear {unknown}
 N - a scroll of magic mapping {unknown}
 Q - a scroll of vulnerability {unknown}
Potions
 j - 2 potions of mutation {unknown}
 n - 3 potions of heal wounds
 o - a potion of cancellation {unknown}
 v - 4 potions of curing
 B - 4 potions of agility {unknown}
 C - 5 potions of flight {unknown}
 D - 2 potions of lignification {unknown}
 E - 4 potions of might {unknown}
 G - 2 potions of brilliance {unknown}
 M - a potion of degeneration {unknown}
 O - a potion of haste {unknown}
 P - a potion of magic {unknown}
Books
 c - a book of Geomancy

   Spells                             Type                      Level
   a - Sandblast                      Earth                        1
   b - Stoneskin                      Transmutation/Earth          2
   c - Passwall                       Transmutation/Earth          3
   d - Stone Arrow                    Conjuration/Earth            3
   e - Petrify                        Transmutation/Earth          4
   f - Lee's Rapid Deconstruction     Earth                        5
Comestibles
 d - 8 bread rations
 l - 2 royal jellies
 r - 3 fruits
 z - 2 beef jerkies
 F - 2 slices of pizza
 I - 4 meat rations


   Skills:
 + Level 4.9(9.8) Fighting
 - Level 6.0(10.9) Dodging
 - Level 1.3(6.2) Stealth
 - Level 5.0(9.9) Unarmed Combat
 - Level 3.0(2.9) Spellcasting
   Level 0.6(0.5) Transmutations
 - Level 5.0(4.9) Earth Magic
 + Level 3.5(3.4) Invocations


You had 13 spell levels left.
You knew the following spells:

 Your Spells              Type           Power        Failure   Level  Hunger
a - Sandblast             Erth           ##....       3%          1    #......


Dungeon Overview and Level Annotations

Branches:
Dungeon (8/15)             Temple (1/1) D:5
   Lair: D:8-11

Altars:
Ashenzari
Cheibriados
Dithmenos
Elyvilon
Fedhas
Gozag
Kikubaaqudgha
Makhleb
Nemelex Xobeh
Okawaru
Ru
Sif Muna
Trog
Xom
Yredelemnul
The Shining One

Annotations:
D:8 Joseph


Innate Abilities, Weirdness & Mutations

You are too large for most types of armour.
You have claws for hands.
Your metabolism is lightning-fast.
You like to eat raw meat.
You heal very quickly.
You are covered in fur (AC +1).
You have very tough skin (AC +2).


Message History

Joseph hits you with a quarterstaff of speed!
* * * LOW HITPOINT WARNING * * *
You closely miss Joseph.
Joseph is severely wounded.
Joseph hits you with a quarterstaff of speed.
* * * LOW HITPOINT WARNING * * *
Drink which item? (? for menu, Esc to quit)
You feel much better.
Joseph hits you with a quarterstaff of speed!
* * * LOW HITPOINT WARNING * * *
You claw Joseph!
Joseph is almost dead.
Joseph hits you with a quarterstaff of speed!
* * * LOW HITPOINT WARNING * * *
You claw Joseph!
Joseph is almost dead.
You barely miss Joseph.
Joseph is almost dead.
Joseph hits you with a quarterstaff of speed!
You die...

####..##..####
#....>..#
####....#
##..## #...#
###.####
#....##
####..# ##@#
......@.....#
####........#
#<.......#
#........#
#........#
#........#
#........#


You could see Joseph.

Vanquished Creatures
  A hippogriff (D:7)
  Edmund (D:5)
  An orc warrior (D:7)
  A phantom (D:6)
  2 ice beasts
  An ogre (D:6)
  A crocodile (D:7)
  A centaur (D:5)
  3 giant frogs (D:7)
  2 elf skeletons (D:7)
  A big kobold (Sewer)
  A gnoll sergeant (D:8)
  A wyvern zombie (D:6)
  A water moccasin zombie (Ossuary)
  A jelly (D:7)
  2 scorpions
  5 wights (D:7)
  2 crimson imps
  A centaur zombie (D:7)
  2 human zombies (D:7)
  3 hounds
  A giant frog skeleton (D:7)
  3 orc priests
  3 iguanas
  3 orc wizards
  5 worker ants (D:6)
  A human skeleton (D:7)
  2 mummies (Ossuary)
  2 worker ant zombies (D:5)
  10 adders
  10 gnolls
  4 river rats (Sewer)
  2 oozes
  6 adder zombies
  4 giant geckos
  18 orcs
  9 giant cockroaches
  7 gnoll zombies
  4 goblins
  5 hobgoblins
  11 jackals
  2 quokkas
  5 ball pythons
  8 bats
  A giant gecko skeleton (D:3)
  4 giant newts
  5 hobgoblin zombies (Ossuary)
  A jackal zombie (D:5)
  19 kobolds
  6 kobold zombies (Ossuary)
  An orc skeleton (D:7)
  2 orc zombies (Ossuary)
  A quokka skeleton (D:6)
  26 rats
  4 butterflies
229 creatures vanquished.

Notes
Turn   | Place    | Note
--------------------------------------------------------------
     0 | D:1      | zeke the Troll Earth Elementalist began the quest for the Orb.
     0 | D:1      | Reached XP level 1. HP: 16/16 MP: 1/1
   137 | D:1      | Reached XP level 2. HP: 24/24 MP: 3/3
   265 | D:1      | Reached skill level 3 in Earth Magic
   657 | D:2      | Reached XP level 3. HP: 27/31 MP: 4/4
   794 | D:2      | Reached skill level 1 in Unarmed Combat
   826 | D:2      | Found a shattered altar of Ashenzari.
   942 | D:2      | Reached XP level 4. HP: 20/39 MP: 5/5
  1546 | D:3      | Found a faded altar to an unknown god.
  1667 | D:3      | Reached XP level 5. HP: 45/45 MP: 6/6
  2478 | D:4      | Found a glowing drain.
  2486 | Sewer    | Entered a sewer
  2601 | Sewer    | Reached skill level 1 in Fighting
  2603 | Sewer    | Reached XP level 6. HP: 40/55 MP: 7/7
  3276 | D:5      | Entered Level 5 of the Dungeon
  3287 | D:5      | Reached skill level 4 in Dodging
  3352 | D:5      | Noticed Edmund
  3381 | D:5      | Killed Edmund
  3468 | D:5      | Reached XP level 7. HP: 28/63 MP: 8/8
  3534 | D:5      | Found a staircase to the Ecumenical Temple.
  3543 | Temple   | Entered the Ecumenical Temple
  3585 | Temple   | Became a worshipper of Warmaster Okawaru
  3846 | D:5      | Reached skill level 5 in Dodging
  4230 | D:6      | Acquired Okawaru's first power
  4233 | D:6      | Reached XP level 8. HP: 39/72 MP: 10/10
  4425 | D:6      | Reached skill level 6 in Dodging
  4945 | D:7      | Found a sand-covered staircase.
  5008 | D:7      | Reached skill level 5 in Unarmed Combat
  5018 | Ossuary  | Entered an ossuary
  5648 | D:7      | Reached skill level 5 in Earth Magic
  5648 | D:7      | Reached XP level 9. HP: 53/83 MP: 12/12
  5734 | D:7      | Reached skill level 1 in Invocations
  6302 | D:7      | Found a shimmering altar of Xom.
  6350 | D:7      | Found a basalt altar of Yredelemnul.
  7026 | D:8      | Noticed Joseph
  7042 | D:8      | HP: 4/87 [Joseph/quarterstaff of speed (3)]
  7046 | D:8      | Mangled by Joseph

Vault maps used:
D:1:      wheals_arrival_shading
D:2:      lemuel_doored_altar, first_bread, minmay_statues_item,
          minmay_crystal_water
D:3:      ecumenical_altar_2
D:4:      old_standard_altar, serial_shops, kennysheep_mini,
          lightli_sewer_entry_pipes, hangedman_abyss_or_decor_lesser_grid
D:5:      minmay_temple_entry_butterflies, uniq_edmund
D:6:      minmay_stone_trees_small, zaba_anthole
D:7:      xom_butterflies, lemuel_zombie_altar_yredelemnul,
          nicolae_ossuary_entry_catacombs
D:8:      uniq_joseph
Temple:   eino_wide_crystal_templ_15
Sewer:    sewer_minmay_treatment
Ossuary:  ossuary_tomb_2

Action                   |  1- 3 |  4- 6 |  7- 9 || total
-------------------------+-------+-------+-------++-------
Melee: Unarmed           |   118 |   311 |   534 ||   963
Throw: Stone             |       |       |     2 ||     2
 Cast: Sandblast         |     3 |       |       ||     3
Invok: Heroism           |       |       |     1 ||     1
Evoke: Wand              |       |       |     1 ||     1
  Use: Scroll            |       |     3 |       ||     3
       Potion            |       |     1 |     5 ||     6
 Stab: Sleeping          |       |       |     7 ||     7
  Eat: Chunk             |    12 |    24 |    35 ||    71
